[Event "*** Titled Tuesday Blitz"]
[Site "Chess.com"]
[Date "2019.05.07"]
[Round "1"]
[White "Benjoneliere44"]
[Black "Shant_Sargsyan"]
[Result "0-1"]
[WhiteElo "2496"]
[BlackElo "2955"]
[TimeControl "180+2"]
[EndTime "13:10:16 PDT"]
[Termination "Shant_Sargsyan won by resignation"]

1. Nf3 d5 2. c4 e6 3. e3 Nf6 4. b3 b6 5. Bb2 Bb7 6. Be2 Bd6 7. O-O O-O 8. d3 Nbd7 9. Nbd2 Qe7 10. Qc2 c5 11.
Rfd1 Rac8 12. Nf1 e5 13. Ng3 d4 14. Nf5 Qe6 15. e4 Bb8 16. Bc1 g6 17. Ng3 Kg7 18.
Bd2 Qe7 19. Rf1 Rh8 20. Nh4 Qe6 21. Qc1 h5 22. f4 exf4 23. Bxf4 Bxf4 24. Qxf4 Qe5 25.
Ngf5+ gxf5 26. Qg5+ Kf8 27. Rxf5 Qe7 28. Raf1 Rc6 29. e5 Ke8 30. Bf3 Ng4 31. Qxe7+ Kxe7 32. Rxf7+ Kxf7 33. Bxc6+ Ke6 34. Bxb7 Ndxe5 35. Be4 Ne3 36.
Rf2 a6 37. Nf5 N5g4 38. Ng7+ Ke5 39. Rf7 b5 40. h3 Nf6 41. Re7+ Kf4 42. Bf3 bxc4 43.
bxc4 Rg8 44. Ne6+ Kg3 45. Nxc5 Rb8 46. Rg7+ Kh4 47. Kh2 Nf1+ 48. Kg1 Ng3 49. Nb3 Re8 50. Nd2 Rb8 51. Rxg3 Kxg3 52. Nf1+ Kf4 53. Kf2 h4 54. Be2 Rb2 55. g3+ hxg3+ 56. Nxg3 Rxa2 57. h4 a5 58. h5 Kg5 59. h6 Kxh6 60. Nf5+ Kg5 61. Nxd4 a4 62. Ke3 a3 63. Bd1 Rb2 64. Bb3 a2 65.
Bxa2 Rxa2 66. Ne6+ Kf5 67. Nd4+ Ke5 68. Nf3+ Kd6 0-1

[Event "*** Titled Tuesday Blitz"]
[Site "Chess.com"]
[Date "2019.05.07"]
[Round "1"]
[White "Lagravesamuell"]
[Black "Jahonas"]
[Result "1-0"]
[WhiteElo "2635"]
[BlackElo "2302"]
[TimeControl "180+2"]
[EndTime "13:10:17 PDT"]
[Termination "Lagravesamuell won by resignation"]

1. d4 Nf6 2. c4 g6 3. Nc3 d5 4.
Nf3 Bg7 5. Bg5 c6 6. e3 O-O 7.
h3 dxc4 8. Bxc4 Nbd7 9. O-O Nb6 10. Bd3 Be6 11. Qe2 Nfd5 12. Ne4 f6 13. Nc5 Bf7 14.
Bh4 Qc8 15. a3 Nd7 16. Ne4 g5 17. Bg3 h6 18. Nc3 Nxc3 19. bxc3 e5 20. Bf5 Re8 21. Rfd1 Be6 22. Bg6 Re7 23. dxe5 Nxe5 24. Nxe5 fxe5 25. Qc2 Qc7 26. Rd2 Rd8 27. Rad1 Red7 28. h4 Rxd2 29. Rxd2 Rxd2 30. Qxd2 Bf6 31. hxg5 hxg5 32. Qd3 Qd7 33. Qe4 Qd5 34. Qb4 Kg7 35. Bh5 Qd7 36. Bf3 Bd5 37. Bg4 Qc7 38. c4 Bf7 39. c5 a5 40. Qd2 Bd5 41. Qc2 Qe7 42. e4 Bf7 43. Qc3 Bg6 44.
f3 Qc7 45. Be1 a4 46. Qc4 Be7 47. Bf2 Bf7 48. Qxa4 Qd8 49. Qc2 Bf6 50. Be3 Qa8 51.
Qd3 Qa5 52. Kh2 Qe1 53. Qd2 Qh4+ 54. Kg1 Qg3 55. Bf2 Qf4 56. Be3 Qg3 57. Bxg5 Bxg5 58.
Qxg5+ Kf8 59. Qd8+ Kg7 60. Qd2 Kf6 61. Qh6+ Ke7 62.
Qd6+ Ke8 63. Bd7+ Kd8 64. Bxc6+ 1-0

[Event "*** Titled Tuesday Blitz"]
[Site "Chess.com"]
[Date "2019.05.07"]
[Round "1"]
[White "severomorskij"]
[Black "IMRosen"]
[Result "1-0"]
[WhiteElo "2769"]
[BlackElo "2413"]
[TimeControl "180+2"]
[EndTime "13:10:19 PDT"]
[Termination "severomorskij won by checkmate"]

1. d4 Nf6 2. c4 e6 3. Nc3 Bb4 4.
Nf3 O-O 5. Bg5 h6 6. Bh4 d5 7. e3 c5 8. cxd5 exd5 9. dxc5 Be6 10. Be2 Nbd7 11. O-O Bxc3 12. bxc3 Nxc5 13. Nd4 Rc8 14. Rc1 Re8 15. Nxe6 Nxe6 16. Bxf6 Qxf6 17. Qxd5 Rxc3 18. Rxc3 Qxc3 19. Qxb7 Qc2 20. Bb5 Qb2 21. a4 a5 22.
Qa6 Rd8 23. Qxa5 Rd2 24. Qa8+ Kh7 25. Qe4+ g6 26. h4 Qf6 27. Qf3 Qe7 28. h5 Ng5 29.
hxg6+ fxg6 30. Qf4 Rd6 31. Rc1 Ne6 32. Qe5 Qd8 33. Bf1 Ng7 34. a5 Rd5 35. Qa1 Rxa5 36.
Qc3 Rf5 37. Qc7 Qh4 38. g3 Qf6 39. Rc6 Qf8 40. Qd6 Qxd6 41. Rxd6 Ne8 42. Rd7+ Kh8 43. Bd3 Rf6 44. Rd8 Rf8 45. Bxg6 Kg7 46. Bxe8 Kf6 47.
Rc8 Ke7 48. Bd7 Rf6 49. Bh3 Rb6 50. Kg2 Kf6 51. Rc4 Kg5 52. Rf4 Rb2 53. Rf5+ Kg6 54. e4 Re2 55. Kf3 Ra2 56. Rd5 Ra3+ 57. Kf4 Ra2 58. f3 Rh2 59. Rd6+ Kg7 60. Bf5 Ra2 61. Rd7+ Kg8 62. Ke5 Ra6 63. Be6+ Kh8 64. Kf6 h5 65. f4 h4 66. f5 hxg3 67. Kg6 Rxe6+ 68. fxe6 g2 69.
Rd8# 1-0

[Event "*** Titled Tuesday Blitz"]
[Site "Chess.com"]
[Date "2019.05.07"]
[Round "1"]
[White "Farrukh_Amonatov"]
[Black "harvsp123"]
[Result "1/2-1/2"]
[WhiteElo "2809"]
[BlackElo "2457"]
[TimeControl "180+2"]
[EndTime "13:10:20 PDT"]
[Termination "Game drawn by repetition"]

1. e3 Nf6 2. Nf3 g6 3. c4 Bg7 4. Nc3 O-O 5. Be2 c5 6. O-O Nc6 7. b3 d5 8. cxd5 Nxd5 9. Bb2 Bf5 10. a3 Rc8 11. Rc1 b6 12. d3 Nxc3 13. Bxc3 Bxc3 14.
Rxc3 Qd6 15. Qc2 Rfd8 16. Rc1 a5 17. Qb2 e5 18. h3 f6 19. Nd2 Be6 20. Ne4 Qe7 21.
R3c2 f5 22. Nd2 Bd5 23. Nc4 Rb8 24. Bf1 Rdc8 25. Re1 Qe6 26. Nd2 Qe7 27. Rec1 Be6 28. Nf3 Bd5 29. Be2 Qe6 30. Rc3 Re8 31. Qb1 Na7 32.
e4 Bb7 33. b4 Nb5 34. bxc5 Nxc3 35. Rxc3 bxc5 36. Qc1 Rbc8 37. Rxc5 Qd6 38. Rxc8 Rxc8 39. Qb2 Ba6 40. exf5 e4 41. Ng5 exd3 42. fxg6 hxg6 43. Bg4 d2 44. Qb3+ Bc4 45. Qc2 Be6 46. Qxg6+ Kf8 47. Qf6+ Ke8 48. Qg6+ Kd7 49. Bxe6+ Kc7 50. Qc2+ Kb6 51.
Qb3+ Ka7 52. Qe3+ Rc5 53. Bg4 Kb8 54. g3 Rc1+ 55. Kg2 Qd5+ 56. Ne4 Re1 57. Qb6+ Ka8 58. Qa6+ Kb8 59. Qc8+ Ka7 60. Qc7+ Ka8 61. Qc8+ Ka7 62. Qc7+ Ka8 63. Qc8+ Ka7 1/2-1/2

[Event "*** Titled Tuesday Blitz"]
[Site "Chess.com"]
[Date "2019.05.07"]
[Round "1"]
[White "IamSchrodingersCat"]
[Black "MikaelyanArman"]
[Result "0-1"]
[WhiteElo "2386"]
[BlackElo "2726"]
[TimeControl "180+2"]
[EndTime "13:10:25 PDT"]
[Termination "MikaelyanArman won by resignation"]

1. e4 e5 2. Nf3 Nc6 3. Bb5 a6 4. Ba4 Nf6 5. d4 exd4 6. O-O Be7 7. e5 Ne4 8. b4 O-O 9. Re1 d5 10. exd6 Nxd6 11. Bxc6 bxc6 12. Nxd4 Bd7 13. Nd2 Nf5 14. Nxf5 Bxf5 15. Rb1 Bf6 16. Bb2 Bxb2 17. Rxb2 Qd4 18. Qc1 Rad8 19. Nf3 Qc3 20. Re3 Qc4 21. Ne5 Qd5 22.
c4 Qd6 23. Qc3 Rfe8 24. Rbe2 f6 25. Nf3 Rxe3 26. Rxe3 c5 27. a3 Qd1+ 28. Re1 Qd3 29. Qxd3 Rxd3 30. bxc5 Rxa3 31. h3 Kf7 32. Nd4 Bd7 33.
c6 Bc8 34. Rb1 Rd3 35. Rb7 Ke7 36. Rxc7+ Kd8 37. Rxg7 Rxd4 38. c7+ Ke8 39. c5 Rc4 40. Rxh7 Rxc5 41. Rh6 Ke7 42. Rh7+ Kd6 43. h4 Rxc7 44.
Rh8 a5 45. Rd8+ Bd7 46. Ra8 Rc5 47. f3 a4 48. g4 Rc3 49. Kf2 a3 50. h5 Rxf3+ 51.
Ke2 Rh3 52. h6 Bxg4+ 53. Kf2 Ke5 54. Ra7 Rxh6 0-1

[Event "*** Titled Tuesday Blitz"]
[Site "Chess.com"]
[Date "2019.05.07"]
[Round "1"]
[White "tomozupan"]
[Black "MarcoRiehle"]
[Result "0-1"]
[WhiteElo "2296"]
[BlackElo "2613"]
[TimeControl "180+2"]
[EndTime "13:10:39 PDT"]
[Termination "MarcoRiehle won by resignation"]

1. d4 d5 2. c4 e6 3. Nc3 c5 4.
cxd5 cxd4 5. Qxd4 Nc6 6. Qd1 exd5 7. Nf3 d4 8. Nb1 Nf6 9. g3 Bb4+ 10. Bd2 Qe7 11. Bg2 d3 12. e3 O-O 13.
O-O Rd8 14. a3 Bxd2 15. Nbxd2 Be6 16. Rc1 Rac8 17. b4 a6 18. Ng5 Bd5 19. e4 Be6 20.
Nxe6 Qxe6 21. Re1 Nd4 22. Rxc8 Qxc8 23. e5 Nd5 24. Ne4 Nc3 25. Nxc3 Qxc3 26. Re3 Qc2 27. Rxd3 Qxd1+ 28. Rxd1 Ne2+ 29. Kf1 Rxd1+ 30. Kxe2 Ra1 31. Bxb7 Rxa3 32. f4 Kf8 33. f5 Ke7 34. g4 f6 35.
e6 h5 36. gxh5 Rh3 37. Bxa6 Rxh5 38. Bd3 Rxh2+ 39. Ke3 Rb2 40. b5 Rb4 41. Kf3 g5 42. fxg6 Kxe6 43. Ke3 Rg4 44. Kf3 Rb4 45. Ke3 f5 46. g7 Kf7 47. Bxf5 Rxb5 48. Be4 Kxg7 49. Kd3 Ra5 50. Kc3 Kf6 51. Bd3 Ke5 52. Bc4 Ra8 53. Kd3 Ra3+ 54. Kc2 Kd4 55. Bf7 Rc3+ 56. Kb2 Rf3 57. Bg8 Kc5 58. Kc2 Kd4 59. Kb2 Rf6 60.
Kc2 Rb6 61. Bf7 Rc6+ 62. Kb2 Rc3 63. Bg8 Kd3 64. Bh7+ Kd2 65. Bg6 Rc6 66. Bf7 Rb6+ 67. Ka1 Kc2 68. Bg6+ Rxg6 0-1

[Event "*** Titled Tuesday Blitz"]
[Site "Chess.com"]
[Date "2019.05.07"]
[Round "1"]
[White "wannabe2700"]
[Black "Misha_Bilous"]
[Result "1-0"]
[WhiteElo "2606"]
[BlackElo "2285"]
[TimeControl "180+2"]
[EndTime "13:10:42 PDT"]
[Termination "wannabe2700 won on time"]

1. e4 c5 2. Nf3 d6 3. d4 cxd4 4. Nxd4 Nf6 5. Nc3 a6 6. Be3 e5 7. Nb3 Be6 8. f3 Nbd7 9. g4 Be7 10. Qd2 b5 11. g5 Nh5 12. Nd5 Bxd5 13. exd5 O-O 14. Na5 Nf4 15. Nc6 Qe8 16. h4 Nb8 17. Nxe7+ Qxe7 18. O-O-O f6 19. Bxf4 exf4 20. Qxf4 fxg5 21.
Qxg5 Qxg5+ 22. hxg5 Nd7 23. Bd3 g6 24. Rh3 Ne5 25.
Be4 Rf7 26. b3 Raf8 27. Rf1 Rf4 28. Re1 b4 29. Re3 a5 30. c4 Kg7 31. Kd2 R8f7 32.
Ke2 Nd7 33. Bc2 Nc5 34. Re8 Rf8 35. Rxf8 Rxf8 36. Ke3 Re8+ 37. Be4 Re5 38. Kf4 Re7 39. Rh1 Rf7+ 40. Ke3 a4 41. bxa4 Ra7 42. Bc2 Nxa4 43. Rb1 Nc5 44. Rxb4 Rxa2 45. Be4 h6 46. gxh6+ Kxh6 47. Rb6 Ra3+ 48. Kd2 Nb3+ 49. Ke2 Nd4+ 50. Kf2 Ra2+ 51.
Ke3 Nc2+ 52. Bxc2 Rxc2 53. Kd3 Rf2 54. Ke3 Rc2 55. Kd4 Rf2 56. Rxd6 Rxf3 57. c5 Rf1 58. c6 Rc1 59. Rd7 g5 60. c7 g4 61. d6 g3 62. Rd8 g2 63. Rg8 Rd1+ 64. Ke5 Re1+ 65. Kd5 Rd1+ 66. Ke6 Re1+ 67. Kd7 1-0

[Event "*** Titled Tuesday Blitz"]
[Site "Chess.com"]
[Date "2019.05.07"]
[Round "1"]
[White "Casablanca"]
[Black "Oleg_Papayan"]
[Result "0-1"]
[WhiteElo "2152"]
[BlackElo "2531"]
[TimeControl "180+2"]
[EndTime "13:10:44 PDT"]
[Termination "Oleg_Papayan won by resignation"]

1. d4 Nf6 2. Nf3 d5 3. Bf4 Bf5 4. e3 e6 5. Bd3 Bd6 6. Bxd6 cxd6 7. O-O Ne4 8. Nfd2 Nxd2 9. Nxd2 Bg6 10. Qe2 O-O 11.
c4 dxc4 12. Bxg6 hxg6 13. Nxc4 Nc6 14. Rac1 Rc8 15. a3 b5 16. Nd2 Qb6 17. Qd3 Rc7 18.
Ne4 Rd8 19. Rc3 b4 20. axb4 Nxb4 21. Qd2 Nd5 22. Rxc7 Qxc7 23. Rc1 Qb6 24. Nc3 Nf6 25. Na4 Qb5 26. Qc2 Rb8 27. Qc4 Qa5 28. Qc7 Rb5 29. Qxa5 Rxa5 30. Rc8+ Kh7 31. b3 Rb5 32. Rc3 Nd5 33.
Rd3 Nb4 34. Rc3 Na2 35. Rd3 Nc1 36. Rd1 Nxb3 37. Nc3 Ra5 38. Kf1 d5 39. Ke1 a6 40.
Rb1 Ra3 41. Ne2 Na5 42. Nc1 g5 43. Kd1 Nc4 44. Rb3 Ra1 45. Kc2 Kg6 46. h3 Kf6 47.
Rb7 a5 48. Ra7 a4 49. Nd3 Ra2+ 50. Kc3 a3 51. Kb3 Ra1 52. Nb4 Rb1+ 53. Kc3 Rb2 54.
Nd3 Rb1 55. Kc2 Rg1 56. g3 Rh1 57. Ne5 Nxe5 58. dxe5+ Kxe5 59. Rxa3 Rh2 60. Ra7 Rxf2+ 61. Kd3 g6 62. Ra4 Rf3 63. Rg4 f6 64. h4 Kf5 65. Ra4 g4 66. Rf4+ Rxf4 67. exf4 e5 68. fxe5 fxe5 69. Ke3 d4+ 70. Kd3 Kf6 71. Ke2 Ke6 72.
Kd2 e4 73. Ke2 Kd5 74. Kd2 Kc4 75. Ke2 Kc3 76. Kd1 Kd3 77. Ke1 Ke3 78. Kf1 Kf3 79.
Kg1 Kxg3 0-1

[Event "*** Titled Tuesday Blitz"]
[Site "Chess.com"]
[Date "2019.05.07"]
[Round "1"]
[White "XiaoKangZhong"]
[Black "enriquetejedor"]
[Result "0-1"]
[WhiteElo "2234"]
[BlackElo "2564"]
[TimeControl "180+2"]
[EndTime "13:11:01 PDT"]
[Termination "enriquetejedor won by checkmate"]

1. c4 e6 2. g3 d5 3. cxd5 exd5 4. Bg2 Nf6 5. d4 c6 6. Nc3 Bf5 7. Bg5 Nbd7 8. Qd2 h6 9. Bf4 Bb4 10. a3 Ba5 11. b4 Bc7 12. Nf3 O-O 13. O-O Re8 14. Rac1 a6 15. a4 Ne4 16. Nxe4 Bxe4 17. b5 axb5 18. axb5 Bxf4 19. Qxf4 cxb5 20. Ne5 Nxe5 21.
Bxe4 dxe4 22. dxe5 Qd5 23. Rc7 Rac8 24. Rfc1 Rxc7 25.
Rxc7 b4 26. Qf5 b3 27. Rd7 Qxe5 28. Qxf7+ Kh7 29. Qxb3 b5 30. Rb7 e3 31. f3 Qa1+ 32.
Kg2 Qe1 33. Qxb5 Qf2+ 34. Kh3 Qf1+ 35. Kh4 Rd8 36. Qf5+ Kh8 37. Qe5 Rg8 38. Rb6 Kh7 39.
Qe4+ Kh8 40. Qxe3 Kh7 41. Qd3+ Kh8 42. Qd4 Kh7 43. Qe4+ Kh8 44. Qe5 Kh7 45. Qf5+ Kh8 46. Qh5 Kh7 47. Qf5+ Kh8 48. Qe5 Kh7 49. e4 Qg2 50. Qf5+ Kh8 51. e5 Qxh2+ 52. Kg4 Qf2 53. Rg6 Qd4+ 54. f4 Qd1+ 55. Kh4 Qh1+ 56. Kg4 Rd8 57.
Qf7 Qd1+ 58. Kf5 Qh5+ 59. Ke4 Qe2+ 60. Kf5 Qd3+ 61. Kg4 Qd1+ 62. Kf5 Qh5+ 63. Ke4 Qh1+ 64. Kf5 Rg8 65. Rg4 Qb1+ 66. Ke6 Qb3+ 67. Ke7 Qb7+ 68. Ke6 Qc8+ 69. Ke7 Qxg4 70. e6 Qxg3 71. Kd7 Qd3+ 72. Kc7 Qc4+ 73. Kd7 Qc8+ 74. Kd6 Qb8+ 75. Kd7 Rd8+ 76. Kc6 Rd6+ 77. Kc5 Qb6+ 78. Kc4 Rd4+ 79.
Kc3 Qb4+ 80. Kc2 Rd2+ 81. Kc1 Qb2# 0-1

[Event "*** Titled Tuesday Blitz"]
[Site "Chess.com"]
[Date "2019.05.07"]
[Round "1"]
[White "Frolik67"]
[Black "fidezivkovic"]
[Result "1-0"]
[WhiteElo "2602"]
[BlackElo "2283"]
[TimeControl "180+2"]
[EndTime "13:11:05 PDT"]
[Termination "Frolik67 won on time"]

1. e4 c5 2. d4 cxd4 3. c3 g6 4. Nf3 Bg7 5. Bc4 dxc3 6. Nxc3 Nc6 7. O-O Nf6 8. Qe2 O-O 9. Rd1 Qa5 10. h3 d6 11. Bf4 a6 12. Rac1 b5 13. Bb3 Bb7 14.
Nd5 Rfe8 15. Ng5 Nxd5 16. Bxd5 Nd8 17. Bd2 Qb6 18. Be3 Qa5 19. a3 Bxd5 20. exd5 h6 21.
Ne4 Nb7 22. Rc2 Rac8 23. Rdc1 Rxc2 24. Rxc2 Qa4 25. Qd3 Na5 26. Rc7 Qb3 27. Qxb3 Nxb3 28. Ra7 Bxb2 29. Rxa6 Nd4 30. Bxh6 Nc2 31. a4 b4 32. Bd2 Bd4 33. Kf1 b3 34. Bc3 b2 35.
Bxb2 Bxb2 36. Rc6 Nd4 37. Rb6 Ba3 38. a5 Ra8 39. a6 Bc5 40. Nxc5 dxc5 41. Ke1 c4 42. Kd2 Nf5 43. Kc3 Nd6 44. Kd4 Kf8 45. h4 Ke8 46. g4 Kd7 47. h5 gxh5 48. gxh5 Kc7 49. Rc6+ Kd7 50. Kc5 Rh8 51. a7 Ra8 52. Ra6 Kc7 53. h6 Ne4+ 54. Kxc4 Nf6 55. Ra1 Kb7 56.
Re1 Re8 57. d6 e6 58. Rb1+ Kxa7 59. Kd4 Nd7 60. Rc1 Kb6 61. Rc7 Rh8 62. Rxd7 Rxh6 63. Rxf7 Kc6 64. Ke5 Rg6 65. f4 Rg1 66. Rc7+ Kb6 67.
Kxe6 Re1+ 68. Kf6 Rd1 69. Ke7 Re1+ 70. Kd7 Rf1 71. Rc4 Kb5 72. Rc2 Rxf4 73. Kc7 1-0

[Event "*** Titled Tuesday Blitz"]
[Site "Chess.com"]
[Date "2019.05.07"]
[Round "1"]
[White "Alexander_Donchenko"]
[Black "NeverEverForever1990"]
[Result "1-0"]
[WhiteElo "2804"]
[BlackElo "2432"]
[TimeControl "180+2"]
[EndTime "13:11:11 PDT"]
[Termination "Alexander_Donchenko won by resignation"]

1. Nf3 d5 2. g3 g6 3. Bg2 Bg7 4. d4 Nd7 5. O-O Ngf6 6. c4 dxc4 7. Na3 Nb6 8. Nxc4 Nxc4 9. Qa4+ c6 10. Qxc4 Be6 11.
Qa4 Bd5 12. Bf4 O-O 13. Rfd1 Qb6 14. Qa3 e6 15. Rac1 Rfe8 16. b3 a5 17. Ne5 Bxg2 18.
Kxg2 Rad8 19. Nc4 Qb4 20. Qxa5 Qxa5 21. Nxa5 Ra8 22. Nxb7 Rxa2 23. Rd2 Rxd2 24. Bxd2 Rb8 25. Na5 Ne4 26. Be1 Rb5 27. f3 Nd6 28. Rxc6 Nf5 29. Rc8+ Bf8 30. Bc3 Ne3+ 31. Kg1 Nd5 32. Bd2 Kg7 33.
e4 Nb4 34. Nc4 Na2 35. Ra8 Nb4 36. Ra7 Nc6 37. Rc7 Nxd4 38. Bc3 e5 39. Nxe5 Ne2+ 40. Kg2 Nxc3 41. Nxf7 Rxb3 42. Ng5+ Kg8 43. Nxh7 Bg7 44. Ng5 Rb8 45. Ne6 Be5 46. Rc5 Bh8 47. Nf4 Nd1 48.
Nxg6 Rb2+ 49. Kh3 Bf6 50. Kg4 Ne3+ 51. Kf4 Kg7 52. Kxe3 Kxg6 53. h4 Rb4 54. Kf4 Bd4 55. Rc6+ Kg7 56. h5 Rb5 57. g4 Be5+ 58. Kf5 Bg3+ 59.
Ke6 Re5+ 60. Kd7 Rb5 61. Ra6 Rb3 62. g5 Rxf3 63. Ke6 Rf4 64. Ra7+ Kg8 65. e5 Re4 66. Ra5 Rf4 67. h6 Kh7 68. Ra7+ Kg6 69. Rg7+ Kh5 70.
h7 Rf8 71. Rg8 Rf5 72. Kxf5 1-0

[Event "*** Titled Tuesday Blitz"]
[Site "Chess.com"]
[Date "2019.05.07"]
[Round "1"]
[White "SoltaniciR"]
[Black "kinga2008"]
[Result "0-1"]
[WhiteElo "2492"]
[BlackElo "1930"]
[TimeControl "180+2"]
[EndTime "13:11:28 PDT"]
[Termination "kinga2008 won by resignation"]

1. e4 c5 2. Nf3 Nc6 3. Bb5 d6 4. O-O Nf6 5. Re1 g6 6. c3 Bg7 7.
d4 cxd4 8. cxd4 O-O 9. h3 Bd7 10. Nc3 a6 11. Bf1 b5 12. Bg5 Ne8 13. Qd2 Nc7 14.
Rac1 Rc8 15. Nd5 f6 16. Bf4 Nxd5 17. exd5 Na7 18. Rc3 Rxc3 19. Qxc3 Nc8 20. Nd2 Nb6 21. Qb3 Re8 22. Be2 f5 23. Nf3 Qa8 24. Ng5 Qxd5 25.
Bf3 Qxb3 26. axb3 Bxd4 27. Ne6 Bxe6 28. Rxe6 Kf7 29. Re2 e5 30. Be3 Bxe3 31. Rxe3 e4 32. Be2 Nd5 33. Rg3 Nf4 34. Bf1 d5 35. Rc3 d4 36.
Rc6 Re6 37. Rc7+ Re7 38. Rc8 d3 39. Rd8 Ke6 40. g3 Ne2+ 41. Kg2 Rd7 42. Ra8 Nd4 43.
Rxa6+ Rd6 44. f3 d2 45. Ra1 Nxb3 46. Rd1 e3 47. Bxb5 Nd4 48. Kf1 Nxb5 49. Ke2 Nd4+ 50. Kxe3 Nb3 51. f4 Rd5 52. Ke2 Nd4+ 53. Ke3 Nc2+ 54. Ke2 Nd4+ 55. Ke3 Nb3 56. Ke2 Kd6 57. Rf1 Nc1+ 58. Kd1 Nb3 59. Rf3 Nc5 60. g4 Ne4 61. Rf1 Ra5 62. Kc2 Ng3 63. Rd1 Ne4 64. gxf5 gxf5 65.
h4 Rc5+ 66. Kb1 Ke6 67. Rf1 Ng3 68. Rd1 Ne4 69. Rf1 Kd5 70. Rd1 Kd4 71. b4 Rc4 72. Kb2 Ke3 73. Kb3 Rc1 74. Rxd2 Nxd2+ 75. Kb2 Rc4 76. Ka3 Rxf4 77. b5 Nc4+ 78. Kb4 Nd6+ 79. Kc5 Nxb5 0-1

[Event "*** Titled Tuesday Blitz"]
[Site "Chess.com"]
[Date "2019.05.07"]
[Round "1"]
[White "Gentlejimmy7"]
[Black "PE-TRO"]
[Result "1/2-1/2"]
[WhiteElo "2444"]
[BlackElo "2797"]
[TimeControl "180+2"]
[EndTime "13:11:46 PDT"]
[Termination "Game drawn by repetition"]

1. d4 d5 2. Nf3 Nf6 3. c4 c6 4. Nbd2 g6 5. g3 Bg7 6. Bg2 O-O 7. O-O Be6 8. b3 Ne4 9. Bb2 Nxd2 10. Nxd2 Nd7 11. Qc2 Nf6 12. e4 dxe4 13. Nxe4 Bf5 14. Rfe1 Nxe4 15. Bxe4 Bxe4 16. Qxe4 e6 17. Rad1 Qa5 18.
a3 Rfd8 19. b4 Qf5 20. Qxf5 gxf5 21. Bc3 b5 22. c5 Rd7 23. Rd3 Bf6 24. f4 a5 25.
bxa5 Bd8 26. a4 Bxa5 27. axb5 Bxc3 28. Rxc3 cxb5 29. Rb1 Rxd4 30. Rxb5 Ra1+ 31. Kf2 Rd8 32. c6 Rc8 33. c7 Raa8 34. Rb7 Kf8 35. Kg2 Ke7 36.
Kh3 Ra2 37. Rb8 Kd7 38. Rxc8 Kxc8 39. Rc1 h6 40. Rc6 Rb2 41. Rc3 f6 42. Rc6 Re2 43.
Rc5 e5 44. Rc6 exf4 45. gxf4 Re4 46. Kg3 Re3+ 47. Kh4 Rf3 48. Rc4 Rf2 49. Kg3 Rf1 50. h3 Rg1+ 51. Kf2 Rg7 52. Rc6 Rxc7 53. Rxf6 Rc5 54. Rxh6 Kd7 55. Rh8 Ke6 56. Rf8 Rc2+ 57. Kg3 Rc3+ 58. Kh4 Rf3 59. Kg5 Rg3+ 60. Kh4 Rf3 61.
Kg5 Rg3+ 62. Kh4 Rg2 63. Re8+ Kf6 64. Rf8+ Ke6 65. Re8+ Kf7 66. Re5 Kf6 67. Re8 Kf7 68.
Re5 Kf6 69. Ra5 Rg1 70. Ra6+ Kf7 71. Kh5 Rg3 72. h4 Rg4 73. Ra7+ Kf6 74. Ra6+ Kf7 75. Ra7+ Kf6 76. Ra6+ Kf7 77. Ra4 Kf6 78. Rb4 Kf7 79.
Rb7+ Kf6 80. Rb6+ Kf7 81. Rb7+ Ke6 82. Rb4 Kf6 83. Ra4 Kf7 84. Ra5 Kf6 85. Ra6+ Kf7 86.
Ra4 Kf6 87. Ra6+ Kf7 1/2-1/2

[Event "*** Titled Tuesday Blitz"]
[Site "Chess.com"]
[Date "2019.05.07"]
[Round "1"]
[White "Tash_Boy"]
[Black "MFguimaraes"]
[Result "1-0"]
[WhiteElo "2630"]
[BlackElo "2306"]
[TimeControl "180+2"]
[EndTime "13:12:02 PDT"]
[Termination "Tash_Boy won by resignation"]

1. e4 e5 2. Nf3 Nf6 3. d3 Nc6 4. Nbd2 Bc5 5. Be2 d6 6. c3 a5 7.
O-O O-O 8. Qc2 h6 9. h3 Re8 10.
Re1 d5 11. Nf1 dxe4 12. dxe4 Qe7 13. Ng3 Be6 14. Nh4 Qf8 15. Nhf5 Ne7 16. Ne3 Red8 17. a4 Nc8 18. Bd2 Nd6 19. Rad1 Nd7 20. Bc1 f6 21. Nd5 Rac8 22. Bg4 Qf7 23. Bxe6 Qxe6 24. Qe2 c6 25. Ne3 Nb6 26. Qc2 Qa2 27. b4 Qxc2 28. Nxc2 Bxf2+ 29. Kxf2 Nxa4 30. bxa5 Nxc3 31. Rd2 h5 32. h4 g5 33. Kf3 gxh4 34. Nxh5 Kf7 35. g4 hxg3 36. Nxg3 Ke6 37. Rf1 Nc4 38. Rxd8 Rxd8 39. Ne3 Rd3 40. Nf5 Nxa5 41. Rh1 Kd7 42. Rh6 Nc4 43. Rxf6 b5 44.
Rf7+ Kd8 45. Rb7 Kc8 46. Re7 b4 47. Kg4 Nxe3+ 48. Bxe3 b3 49. Bc1 Nxe4 50. Rxe5 Nf2+ 51. Kg5 Rd1 52. Ba3 Nd3 53. Re8+ Kc7 54. Bd6+ Kb6 55. Rb8+ Ka7 56. Rxb3 c5 57. Ne3 Ka6 58. Kf5 Nc1 59. Ra3+ Kb5 60. Be5 Rd3 61. Ra1 Nb3 62. Re1 c4 63.
Nc2 Rd2 64. Ne3 Rd3 65. Kf4 c3 66. Rb1 Ka4 67. Rh1 Nd2 68. Rh8 Kb3 69. Rb8+ Ka2 70.
Nc2 Rf3+ 71. Kg4 Rf1 72. Bf4 Nb3 73. Nb4+ Kb2 74. Be5 Re1 75. Kf5 Re3 76. Nd5 Rh3 77. Kg4 Rd3 78. Rb5 Kc2 79. Nb4+ Kd2 80. Nxd3 c2 81.
Rxb3 1-0

[Event "*** Titled Tuesday Blitz"]
[Site "Chess.com"]
[Date "2019.05.07"]
[Round "1"]
[White "platy3"]
[Black "2nd_life"]
[Result "1-0"]
[WhiteElo "2760"]
[BlackElo "2401"]
[TimeControl "180+2"]
[EndTime "13:12:43 PDT"]
[Termination "platy3 won on time"]

1. e4 e5 2. Nf3 Nc6 3. Bb5 a6 4. Ba4 Nf6 5. O-O Be7 6. Re1 b5 7. Bb3 d6 8. c3 O-O 9. h3 Bb7 10. d4 Re8 11. Nbd2 Bf8 12. a4 h6 13. Bc2 exd4 14.
cxd4 Nb4 15. Bb1 c5 16. d5 Nd7 17. Ra3 c4 18. Ree3 Nc5 19. b3 cxb3 20. axb5 Nc2 21.
Bxc2 bxc2 22. Qxc2 axb5 23. Qb1 Ba6 24. Qb4 Qd7 25. Bb2 f5 26. exf5 Qxf5 27. Qd4 b4 28.
Qxb4 Qxd5 29. Qg4 Rxe3 30. Rxe3 Bc8 31. Qg3 Bf5 32. Re7 Ne6 33. Rd7 Ng5 34. Bxg7 Bxd7 35. Bxf8 Kxf8 36. Qf4+ Kg7 37. h4 Ra1+ 38. Kh2 Nxf3+ 39.
Nxf3 Qf5 40. Qxd6 Ra2 41. Qe7+ Qf7 42. Qe5+ Kh7 43. Qe4+ Bf5 44. Qf4 Ra7 45. Qe3 Qc7+ 46. g3 Qe7 47. Qf4 Be4 48. Ne5 Bg6 49. Ng4 Qg7 50. Nf6+ Qxf6 51. Qxf6 Rf7 52. Qd4 h5 53. Kg2 Bf5 54. f3 Bg6 55. g4 Rg7 56. Kg3 Rf7 57. Qe5 Rg7 58. Kh3 Bf7 59. g5 Bg6 60. f4 Rf7 61. Kg3 Rf5 62. Qe6 Rf7 63. Kf3 Rf5 64.
Ke3 Rf7 65. Qe5 Rf5 66. Qd6 Rf7 67. Kd4 Rf5 68. Ke3 Rf7 69. Qb8 Rf5 70. Kd4 Rf7 71. Ke5 Re7+ 72. Kf6 Rf7+ 73. Ke6 Kg7 74. Qb2+ Kh7 75.
Qb8 Kg7 76. Qe5+ Kh7 77. f5 Rxf5 78. Qxf5 Bxf5+ 79. Kxf5 Kg7 80. Ke6 Kg6 81. Kd7 Kf7 82.
Kd8 Kf8 83. Kd7 Kf7 84. Kd6 Kg7 85. Ke5 Kf7 86. Kf5 Kg7 87. Kf4 Kg6 88. Ke4 Kh7 89.
Ke5 Kg6 90. Ke6 Kg7 91. Kf5 Kh7 92. Kf6 1-0

[Event "*** Titled Tuesday Blitz"]
[Site "Chess.com"]
[Date "2019.05.07"]
[Round "1"]
[White "MITerryble"]
[Black "matiss90"]
[Result "1-0"]
[WhiteElo "2815"]
[BlackElo "2440"]
[TimeControl "180+2"]
[EndTime "13:12:55 PDT"]
[Termination "MITerryble won on time"]

1. e4 c5 2. Nf3 d6 3. Bb5+ Bd7 4. Bxd7+ Qxd7 5. O-O Nf6 6. e5 dxe5 7. Nxe5 Qc8 8. Re1 Nc6 9. Nc4 e6 10. Nc3 Be7 11. d3 O-O 12. Bf4 Nd5 13. Nxd5 exd5 14. Ne3 Qd7 15. Qh5 Rad8 16. Nf5 Bf6 17. c3 b6 18. Qg4 g6 19. Nh6+ Kg7 20. Qxd7 Rxd7 21. Ng4 Bd8 22. Bh6+ Kg8 23. Bxf8 Kxf8 24. Ne5 Nxe5 25.
Rxe5 Bf6 26. Re2 b5 27. Rae1 Rd8 28. g3 a5 29. Kg2 h5 30. f4 a4 31. Rc2 Rb8 32. Kf3 d4 33. cxd4 Bxd4 34. Re4 b4 35. b3 axb3 36. axb3 Ra8 37. Rc4 Ra2 38. Rexd4 cxd4 39. h3 h4 40. gxh4 Rh2 41. Kg3 Rd2 42. Rxd4 Kg7 43.
Kf3 Rh2 44. Kg3 Rd2 45. h5 gxh5 46. Kh4 Kg6 47. Rd6+ f6 48. Rd4 Rd1 49. Rd5 Rb1 50.
f5+ Kh6 51. Rd6 Rxb3 52. Rxf6+ Kg7 53. Rd6 Rc3 54. Kxh5 b3 55. h4 b2 56. Rb6 Rxd3 57.
Rxb2 Kf6 58. Rf2 Rd4 59. Rg2 Kxf5 60. Rf2+ Ke6 61. Kg5 Rd1 62. h5 Rg1+ 63. Kh6 Rg3 64. Kh7 Ke7 65. h6 Ke8 66. Ra2 Kf8 67. Ra8+ Kf7 68.
Ra7+ Kf8 69. Rg7 Rh3 70. Rg5 Rf3 71. Kh8 Rf7 72. Rg8+ Ke7 73. Rg7 Kf8 74. Kh7 Rf6 75. Rg5 Rf1 76. Rg2 Rf7+ 77. Kh8 Rf6 78. Rh2 Rg6 79. Rf2+ Ke7 80. Kh7 Rg3 81. Rf4 Rg5 82.
Kh8 Rg6 83. h7 Rg5 84. Ra4 Kf7 85. Ra7+ Kf8 86. Ra8+ Kf7 87. Rg8 Rh5 88. Rg2 Rh4 89. Rf2+ Ke7 90. Kg7 Rg4+ 91. Kh6 Rh4+ 92. Kg6 Rh1 93.
Rf5 Ke6 94. Rh5 Rg1+ 95. Kh6 Kf7 96. h8=Q Rg6+ 97. Kh7 1-0